 Dungeon Crawl Stone Soup version 0.27.1-33-g824d729ab1 (webtiles) character file.

Game seed: 12531368047824963138

600787 Hortimo the Cryomancer (level 24, -15/180 HPs)
             Began as a Demigod Ice Elementalist on Dec 22, 2021.
             Demolished by an Orb Guardian (21 damage)
             ... on level 5 of the Realm of Zot on Dec 23, 2021.
             The game lasted 10:21:48 (91719 turns).

Hortimo the Cryomancer (Demigod Ice Elementalist)  Turns: 91719, Time: 10:21:49

Health: -15/180    AC: 25    Str: 14      XL:     24   Next: 71%
Magic:  18/46      EV: 13    Int: 43 (44) God:
Gold:   418        SH: 15    Dex: 27      Spells: 3/49 levels left

rFire    + + +     SeeInvis +   j - staff of cold
rCold    + + .     Faith    .   Y - +0 kite shield of Jyesuf {Regen+}
rNeg     + + +     Spirit   .   P - +2 chain mail of Mumblety Peg {rF+++ rC+ Str+5 Int-4 SInv}
rPois    .         Reflect  .   c - +2 helmet
rElec    +         Harm     .   m - +1 cloak "Peskea" {Will+}
rCorr    .         Rampage  .   q - +2 pair of gloves
Will     ++++.     Rnd*Rage +   G - +2 pair of boots Stlth ..........Rnd*Tele +
                                t - amulet of magic regeneration
HPRegen  1.40/turn              p - ring of the Thistle {rElec rN++ Dex+6}
MPRegen  0.55/turn              l - ring "Owocysac" {Wiz rN+ Will+ Int+3 Dex+3}

@: lethally poisoned (-15 -> -16), about to teleport, marked, unable to drink,
studying Dodging
A: no potions, high mp 1, forlorn, see invisible, berserk 2, deformed body,
deterioration 1, frail 1, teleportitis 1, subdued magic 1
0: Orb of Zot
}: 4/15 runes: barnacled, slimy, silver, gossamer
a: no special abilities


You were on level 5 of the Realm of Zot.
You visited 10 branches of the dungeon, and saw 53 of its levels.
You also visited: Trove and Ice Cave.

You collected 9202 gold pieces.
You spent 8784 gold pieces at shops.

Inventory:

Armour
 c - a +2 helmet (worn)
 m - the +1 cloak "Peskea" (worn) {Will+}
   (You found it on level 1 of the Vaults)

   Will:      It increases your willpower.
 q - a +2 pair of gloves (worn)
 G - a +2 pair of boots (worn)
 K - +6 acid dragon scales
 P - the +2 chain mail of Mumblety Peg (worn) {rF+++ rC+ Str+5 Int-4 SInv}
   (You took it off a vault guard on level 5 of the Vaults)

   Str:       It affects your strength (+5).
   Int:       It affects your intelligence (-4).
   rF:        It renders you almost immune to fire.
   rC:        It protects you from cold.
   SInv:      It lets you see invisible.
 Y - the +0 kite shield of Jyesuf (worn) {Regen+}
   (You acquired it on level 1 of the Orcish Mines)

   Regen:     It increases your rate of health regeneration.
Magical Staves
 j - a staff of cold (weapon)
Jewellery
 b - a ring of fire
 f - a +4 ring of protection
 l - the ring "Owocysac" (right hand) {Wiz rN+ Will+ Int+3 Dex+3}
   (You bought it in a shop on level 1 of the Depths)

   [ring of wizardry]

   It improves your spell success rate.
   Int:       It affects your intelligence (+3).
   Dex:       It affects your dexterity (+3).
   rN:        It protects you from negative energy.
   Will:      It increases your willpower.
 p - the ring of the Thistle (left hand) {rElec rN++ Dex+6}
   (You found it on level 5 of the Pits of Slime)

   [ring of dexterity]

   Dex:       It affects your dexterity (+6).
   rElec:     It insulates you from electricity.
   rN:        It greatly protects you from negative energy.
 t - an amulet of magic regeneration (around neck)
 u - the ring of the Fool {Fly rElec rPois}
   (You acquired it on level 1 of the Elven Halls)

   [ring of flight]

   rElec:     It insulates you from electricity.
   rPois:     It protects you from poison.
   Fly:       It grants you flight.
 D - the ring "Jongomat" {rC+ Str+4}
   (You took it off a spriggan berserker on level 2 of the Depths)

   [ring of protection from cold]

   Str:       It affects your strength (+4).
   rC:        It protects you from cold.
 L - a ring of willpower
 M - an amulet of reflection
 N - a ring of see invisible
 Q - a ring of wizardry
Wands
 s - a wand of digging (11)
 F - a wand of charming (36) (quivered)
 O - a wand of paralysis (28)
 V - a wand of mindburst (15)
 Z - a wand of iceblast (31)
Scrolls
 d - 2 scrolls of summoning
 k - 6 scrolls of fear
 o - a scroll of blinking
 r - a scroll of magic mapping
 v - 3 scrolls of torment
 y - 2 scrolls of holy word
 W - 7 scrolls of teleportation
 X - 2 scrolls of fog
Potions
 e - 5 potions of lignification
 g - 6 potions of heal wounds
 i - a potion of cancellation
 n - 4 potions of berserk rage
 x - 4 potions of haste
 z - 6 potions of might
 A - 2 potions of brilliance
 C - 3 potions of ambrosia
 H - 12 potions of curing
 I - 5 potions of resistance
 J - 5 potions of magic
 U - a potion of invisibility
Miscellaneous
 a - a lightning rod (4/4)
 w - a box of beasts
 E - a tin of tremorstones (2/2)
 R - a phantom mirror
 S - a condenser vane
 T - a phial of floods


   Skills:
 * Level 13.6 Fighting
 - Level 3.2(3.3) Short Blades
 - Level 0.2(2.0) Long Blades
 - Level 0.1 Axes
 - Level 12.0 Staves
 * Level 15.4 Armour
 - Level 9.1 Dodging
 - Level 3.8 Stealth
 - Level 15.0 Shields
 - Level 13.0 Spellcasting
 - Level 10.2 Conjurations
 - Level 13.3 Summonings
 - Level 6.0 Translocations
 - Level 5.0 Fire Magic
 - Level 21.8 Ice Magic
 - Level 3.0 Earth Magic
 - Level 2.0 Poison Magic
 - Level 9.0 Evocations


You had 3 spell levels left.
You knew the following spells:

 Your Spells              Type           Power      Damage    Failure   Level
a - Freezing Cloud        Conj/Ice/Air   47%        6-21      1%          5
b - Frozen Ramparts       Ice            100%       1d12      0%          3
c - Ozocubu's Armour      Ice            100%       N/A       0%          3
d - Hailstorm             Conj/Ice       100%       3d20      1%          4
e - Bolt of Magma         Conj/Fire/Erth 29%        4d13      8%          5
f - Shadow Creatures      Summ           N/A        N/A       1%          6
g - Passage of Golubria   Tloc           N/A        N/A       2%          4
h - Polar Vortex          Ice            64%        N/A       41%         9
i - Ozocubu's Refrigerat  Ice            64%        4d17      1%          7

Your spell library contained the following spells:

 Spells                   Type           Power      Damage    Failure   Level
 Freeze                   Ice            100%       1d11      0%          1
 Summon Small Mammal      Summ           100%       N/A       0%          1
 Apportation              Tloc           100%       N/A       1%          1
 Foxfire                  Conj/Fire      100%       2x1d9     1%          1
 Magic Dart               Conj           100%       1d8       1%          1
 Sandblast                Erth           82%        2d17      1%          1
 Shock                    Conj/Air       100%       1d9       1%          1
 Blink                    Tloc           N/A        N/A       1%          2
 Call Imp                 Summ           83%        N/A       1%          2
 Searing Ray              Conj           100%       3d7       1%          2
 Call Canine Familiar     Summ           83%        N/A       1%          3
 Conjure Flame            Conj/Fire      64%        6-21      1%          3
 Dazzling Flash           Conj/Hex       100%       N/A       1%          3
 Gell's Gravitas          Tloc           28%        N/A       1%          3
 Mephitic Cloud           Conj/Pois/Air  48%        N/A       1%          3
 Stone Arrow              Conj/Erth      100%       3d13      1%          3
 Teleport Other           Tloc           57%        N/A       1%          3
 Sting                    Tmut/Pois      100%       1d8       2%          1
 Passwall                 Tmut/Erth      25%        N/A       2%          2
 Portal Projectile        Hex/Tloc       82%        N/A       2%          3
 Animate Skeleton         Necr           42%        N/A       3%          1
 Beastly Appendage        Tmut           42%        N/A       3%          1
 Corona                   Hex            23%        N/A       3%          1
 Poisonous Vapours        Pois/Air       56%        N/A       3%          2
 Inner Flame              Hex/Fire       38%        N/A       3%          3
 Ignite Poison            Fire/Tmut/Pois 37%        N/A       4%          3
 Corpse Rot               Necr/Air       N/A        N/A       5%          2
 Slow                     Hex            21%        N/A       5%          2
 Wereblood                Tmut           21%        N/A       5%          2
 Spider Form              Tmut/Pois      14%        N/A       7%          3
 Tukima's Dance           Hex            21%        N/A       11%         3
 Iskenderun's Mystic Bla  Conj/Tloc      66%        2d14      1%          4
 Sticky Flame             Conj/Fire      64%        2d8       1%          4
 Summon Ice Beast         Ice/Summ       100%       N/A       1%          4
 Summon Lightning Spire   Summ/Air       60%        N/A       1%          4
 Iskenderun's Battlesphe  Conj           74%        2d12      1%          5
 Summon Forest            Summ/Tloc      36%        N/A       1%          5
 Fulminant Prism          Conj/Hex       26%        3d14      4%          4
 Fireball                 Conj/Fire      32%        3d14      4%          5
 Summon Mana Viper        Hex/Summ       60%        N/A       6%          5
 Simulacrum               Ice/Necr       48%        N/A       6%          6
 Manifold Assault         Tloc           57%        N/A       9%          5
 Lightning Bolt           Conj/Air       26%        1d42      12%         5
 Summon Hydra             Summ           41%        N/A       12%         7
 Olgreb's Toxic Radiance  Pois           35%        N/A       14%         4
 Leda's Liquefaction      Hex/Erth       15%        N/A       19%         4
 Spellforged Servitor     Conj/Summ      39%        N/A       22%         7
 Lee's Rapid Deconstruct  Erth           20%        3d13*     28%         5
 Airstrike                Air            10%        N/A       32%         4
 Cause Fear               Hex            10%        N/A       32%         4
 Dispel Undead            Necr           21%        3d11      32%         4
 Iron Shot                Conj/Erth      30%        9d6       34%         6
 Borgnjor's Vile Clutch   Necr/Erth      15%        N/A       45%         5
 Malign Gateway           Summ/Tloc      36%        N/A       47%         7
 Alistair's Intoxication  Tmut/Pois      18%        N/A       52%         5
 Agony                    Necr           21%        N/A       65%         5
 Silence                  Hex/Air        10%        N/A       65%         5
 Yara's Violent Unravell  Hex/Tmut       10%        3d6       65%         5
 Summon Horrible Things   Summ           41%        N/A       65%         8
 Statue Form              Tmut/Erth      20%        N/A       95%         6
 Eringya's Noxious Bog    Tmut/Pois      14%        N/A       97%         6
 Death Channel            Necr           10%        N/A       99%         6
 Storm Form               Tmut/Air       10%        N/A       100%        7
 Discord                  Hex            10%        N/A       100%        8
 Lehudib's Crystal Spear  Conj/Erth      30%        10d8      100%        8
 Chain Lightning          Conj/Air       26%        3d35      100%        9
 Fire Storm               Conj/Fire      32%        8d8       100%        9


Dungeon Overview and Level Annotations

Branches:
Dungeon (15/15)            Temple (0/1) D:6            Lair (6/6) D:11
 Shoals (4/4) Lair:2       Spider (4/4) Lair:3        Slime (5/5) Lair:5
    Orc (2/2) D:11            Elf (2/3) Orc:2        Vaults (5/5) D:13
  Crypt (0/3) Vaults:2     Depths (5/5) D:15            Zot (5/5) Depths:5
  IceCv (visited)

Shops:
D:7 *   D:14 [   Orc:2 (:*(   Elf:1 ??(   Shoals:2 *   Vaults:3 =   Vaults:4 *
Vaults:5 !!?[?!*[*   Depths:1 :=:

Portals:
Hell: Depths:1 Depths:2 Depths:3 Depths:4 Depths:5
Abyss: Spider:3 Depths:3 Depths:4
Pandemonium: Depths:3 Depths:4
Ziggurat: Depths:1

Annotations:
D:4 Grinder
Lair:2 Stajl's ghost, journeyman TrFi
Shoals:1 Frances
Shoals:2 Nikola; Roxanne
Shoals:3 exclusion: downstairs
Shoals:4 Mara
Slime:4 Dissolution
Vaults:2 exclusion: ironbound frostheart
Zot:1 exclusion: orb of fire
Zot:5 1 exclusion


Innate Abilities, Weirdness & Mutations

You cannot drink.
Your attributes grow dramatically as you level up.
You have an increased reservoir of magic. (+10% MP)
You shall have no god before yourself.
You have supernaturally acute eyesight. (SInv)
You often lose your temper in combat.
Armour fits poorly on your strangely shaped body.
Your body sometimes deteriorates upon taking damage.
You are frail. (-10% HP)
You are occasionally teleported next to monsters.
Your spells are a little easier to cast, but a little less powerful.


Message History

You feel very sick. You block the Orb Guardian's attack.
You cannot drink potions in your current state!
As you read the scroll of teleportation, it crumbles to dust.
You feel strangely unstable.
You feel the Orb delaying your translocation!
You feel sick. You block the Orb Guardian's attack.
The Killer Klown blinks!
Unknown command.
Blink to where?
Press: ? - help, Dir - move target
As you read the scroll of blinking, it crumbles to dust.
You feel sick.
An orb of fire comes into view.
You block the Orb Guardian's attack.
The orb of fire glows yellow.
The bolt of fire misses you.
A black draconian and a draconian knight come into view.
You cannot drink potions in your current state!
Okay, then.
Unknown command.
Okay, then.
Aiming: Charm
Press: ? - help, Q - select action, (/) - cycle Shift-Dir - straight line, f - Orb Guardian
Aim: an Orb Guardian (chance to affect: 3%)
Okay, then.
Unknown command.
As you read the scroll of fear, it crumbles to dust.
You assume a fearsome visage.
The Orb Guardian looks frightened!
The orb of fire is unaffected.
The Orb Guardian resists with almost no effort. x2
The orb of fire is unaffected.
The Orb Guardian resists with almost no effort. x4
The Orb Guardian resists with some effort.
The Orb Guardian resists with almost no effort. x3
The Killer Klown resists with almost no effort.
The black draconian looks frightened!
The white draconian knight looks frightened!
The Killer Klown resists with almost no effort.
You feel sick. The Orb Guardian misses you. The Orb Guardian hits you!!
You die...

** ******** .▓▓▓▓ ****,,,,,,,
....▓▓▓ ***,,,,,,,,,, ......▓▓
**,,,,,,,,,,,, .......▓ ▓▓▓▓▓▓▓▓▓
*,,,,,,,,,,,,,
^......▓▓▓....XX@▓▓*,,,,,,,,,,,,,
.^.....▓▓.......X^▓▓,,,,,,,,,,,,,
☼......▓.X..*XX....▓d,,,,,,,,,,,,
q○.X...X......XX...**,,,,,,,,,,,,
☼......▓..pXX..p...▓...,,,,,,,,,,
.......▓▓...XX...^▓▓...q.,,,,,,,,
.....p.▓▓▓.§.....▓▓*,...^,,,,,,,,
.......# ▓▓▓▓▓▓▓▓▓ *,,..§,,,,,,,,
......## **,...,,,,,,,^


You could see 3 orbs of fire, 2 Killer Klowns, a white draconian knight
(fleeing) and 12 Orb Guardians.

Vanquished Creatures
  the Royal Jelly (Slime:5)
  2 ancient liches
  A dread lich (Zot:5)
  An orb of fire (Zot:5)
  Mennas (Vaults:4)
  2 curse toes
  2 caustic shrikes (Depths:5)
  A golden dragon (Depths:3)
  An electric golem (Zot:2)
  A hellephant (Depths:4)
  3 liches
  10 Orb Guardians (Zot:5)
  2 tentacled monstrosities
  5 titans
  A kraken (Shoals:4)
  3 quicksilver dragons
  2 death cobs
  An ancient champion (Vaults:2)
  6 sphinxes
  Polyphemus (Shoals:3)
  19 acid blobs
  6 tengu reavers
  4 storm dragons
  4 draconian monks
  13 azure jellies
  Ilsuiw (Shoals:2)
  An iron dragon (Vaults:5)
  2 draconian knights
  8 fire giants
  18 vault wardens
  7 rockslimes
  2 deep elf sorcerers
  2 orc warlords (Vaults:1)
  Louise (Shoals:1)
  2 emperor scorpions (Spider:4)
  4 frost giants
  6 ghost moths
  5 draconian scorchers
  4 draconian shifters
  A spriggan defender (Depths:4)
  21 ironbound preservers
  2 draconian stormcallers (Zot:5)
  5 draconian annihilators
  5 war gargoyles
  11 quicksilver oozes
  21 very ugly things
  10 stone giants
  2 deep elf demonologists
  8 green draconians
  5 entropy weavers
  5 deep elf annihilators
  Azrael (Spider:1)
  3 white draconians
  13 yellow draconians
  9 black draconians
  2 minotaurs (Vaults:1)
  4 dire elephants (Vaults:1)
  5 red draconians
  4 purple draconians
  5 spark wasps
  Snorg (Lair:3)
  8 merfolk javelineers
  A deep elf death mage (Depths:1)
  15 ettins
  9 merfolk impalers
  17 yaktaur captains
  4 fire dragons
  6 ironbound thunderhulks
  2 deep elf high priests
  13 great orbs of eyes
  A jiangshi (Depths:2)
  5 peacekeepers
  6 rakshasas
  2 ice dragons
  3 boulder beetles
  5 hydras
  4 ogre magi
  2 spriggan air magi (Depths:2)
  A hell beast (Depths:2)
  8 ironbound frosthearts
  35 vault guards
  A death knight (D:11)
  2 merfolk avatars
  2 catoblepae
  13 two-headed ogres
  5 centaur warriors
  3 merfolk aquamancers (Shoals:4)
  A dancing weapon (Elf:1)
  An alligator snapping turtle (Shoals:4)
  3 deep troll earth magi
  8 deep troll shamans
  8 hell hogs (Depths:4)
  2 vampire magi
  5 death yaks
  2 satyrs
  2 spriggan berserkers (Depths:2)
  12 tengu warriors
  Urug (D:12)
  3 orc high priests (Orc:2)
  A shock serpent (shapeshifter) (Depths:4)
  2 sun demons (Depths:2)
  3 ironbound beastmasters
  5 hell knights
  3 deep elf knights (Elf:1)
  5 skeletal warriors (D:14)
  2 sixfirhies (Depths:4)
  7 iron trolls
  3 flayed ghosts
  12 sea snakes
  A torturous demonspawn (Depths:4)
  5 glowing orange brains
  A shadow demon (Depths:4)
  A phantasmal warrior (Vaults:1)
  15 wizards
  3 deep elf archers (Elf:1)
  68 deep trolls
  20 ironbound convokers
  3 lindwurms (Vaults:1)
  5 necromancers
  A lindwurm (shapeshifter) (Vaults:1)
  10 deep elf pyromancers (Elf:1)
  5 orc knights
  9 deep elf zephyrmancers
  19 harpies
  A wolf spider (shapeshifter) (Vaults:5)
  5 cyclopes
  2 oklob plants (Lair:4)
  20 wolf spiders
  3 shining eyes (Slime:5)
  59 ugly things
  A salamander (Depths:2)
  16 orb spiders
  7 orc sorcerers
  13 fauns
  25 manticores
  A faun (shapeshifter) (Vaults:4)
  A glowing shapeshifter (Depths:5)
  15 moths of wrath
  21 vault sentinels
  7 water nymphs
  Joseph (D:10)
  3 black mambas
  7 merfolk sirens
  4 elephants
  3 torpor snails
  8 eyes of devastation
  2 gargoyles
  16 cane toads
  A smoke demon (Depths:2)
  8 demonic crawlers
  69 yaktaurs
  A rime drake (shapeshifter) (D:15)
  3 tengu conjurers
  A kobold demonologist (D:13)
  9 rime drakes
  9 komodo dragons
  2 trolls (D:11)
  2 polar bears
  24 merfolk
  41 jumping spiders
  A queen bee (shapeshifter) (Vaults:2)
  8 hornets (Spider:4)
  10 wind drakes
  59 slime creatures
  6 snapping turtles
  4 dream sheep
  A fire dragon zombie (Depths:1)
  13 blink frogs
  An air elemental (Elf:1)
  81 redbacks
  30 tarantellas
  A ynoxinul (Depths:4)
  A wraith (D:12)
  4 fire elementals
  42 yaks
  13 water elementals
  6 wyverns
  4 basilisks
  18 humans (D:13)
  A death yak simulacrum (IceCv)
  Eustachio (D:6)
  A steam dragon (D:8)
  3 vampire mosquitoes (D:11)
  A basilisk (shapeshifter) (Vaults:5)
  A harpy simulacrum (D:14)
  A warg (Orc:2)
  11 water moccasins
  5 nameless horrors
  2 hell hounds (Spider:1)
  2 acid dragons
  16 orc warriors
  A hornet zombie (D:9)
  An ice beast (Vaults:4)
  2 sky beasts
  3 black bears
  9 boggarts
  20 ogres
  15 wolves
  A black mamba simulacrum (Lair:2)
  A necrophage (D:5)
  21 centaurs
  A phantom (D:6)
  10 bullfrogs
  3 cane toad simulacra
  2 kobold brigands
  A wyvern zombie (D:6)
  A scorpion (D:5)
  A blink frog simulacrum (Lair:2)
  3 killer bees (D:10)
  An elephant simulacrum (IceCv)
  12 electric eels
  A vampire bat (D:15)
  7 wights
  3 howler monkeys (D:13)
  4 centaur zombies
  A wyvern simulacrum (Lair:2)
  3 hounds
  A jelly (D:5)
  12 orc priests
  A centaur skeleton (D:6)
  6 iguanas
  Terence (D:2)
  23 orc wizards
  4 hell rats (Lair:6)
  A polar bear simulacrum (IceCv)
  A basilisk simulacrum (Lair:2)
  A hound skeleton (D:4)
  A howler monkey zombie (D:9)
  4 gnolls (D:5)
  5 adders
  A white imp (D:6)
  An ufetubus (D:6)
  An adder skeleton (D:4)
  2 dart slugs
  47 orcs
  7 endoplasms
  6 giant cockroaches
  6 goblins
  9 hobgoblins
  4 jackals (D:4)
  7 quokkas
  8 ball pythons
  11 bats
  2 frilled lizards (D:1)
  12 kobolds
  23 rats
  A fire vortex (Depths:5)
  2 lurking horrors (Spider:3)
  A plant (Zot:5)
  A tentacle (Shoals:4)
1829 creatures vanquished.

Vanquished Creatures (collateral kills)
  2 dread liches
  3 orbs of fire
  A juggernaut (Depths:4)
  2 Killer Klowns
  A curse toe (Zot:5)
  2 caustic shrikes
  Jory (Vaults:2)
  8 golden dragons
  2 electric golems
  The ghost of drbonez the Severer, an adept MiBe of Trog (Vaults:1)
  4 liches
  7 tentacled monstrosities
  Rupert (Lair:5)
  A sphinx (Depths:1)
  2 death cobs
  3 storm dragons
  8 shadow dragons
  A tengu reaver (Vaults:5)
  A draconian monk (Zot:1)
  An iron dragon (Depths:5)
  2 ghost moths
  6 frost giants
  3 draconian knights
  8 vault wardens
  A draconian scorcher (Zot:3)
  3 draconian shifters
  A draconian annihilator (Zot:1)
  A stone giant (Vaults:5)
  3 ironbound preservers
  4 very ugly things (Vaults:5)
  A vampire knight (Vaults:2)
  A green draconian (Zot:3)
  A purple draconian (Zot:1)
  2 white draconians
  A merfolk impaler (Shoals:4)
  An ettin (Depths:1)
  2 crystal guardians (Vaults:4)
  2 jiangshi (Depths:2)
  A vault guard (Vaults:5)
  2 ice dragons
  A caustic shrike simulacrum (Depths:1)
  A centaur warrior (Vaults:1)
  A fire crab (shapeshifter) (Depths:4)
  2 iron trolls
  3 deep trolls
  2 phantasmal warriors
  A harpy (Vaults:2)
  2 ugly things (Depths:2)
  An orb spider (Spider:4)
  A stone giant zombie (Depths:1)
  2 moths of wrath (Zot:1)
  2 vault sentinels
  2 freezing wraiths (Vaults:5)
  3 yaktaurs
  A raiju (shapeshifter) (Depths:4)
  A dream sheep (Lair:2)
  A redback (shapeshifter) (Vaults:5)
  A water elemental (Shoals:4)
  A tarantella (Spider:4)
  Grum (D:9)
  An ice beast (D:5)
  A wolf (D:9)
  A wyvern zombie (D:7)
  A wight (D:8)
132 creatures vanquished.

Vanquished Creatures (others)
  A draconian monk (Zot:3)
  A fire giant (Vaults:5)
  An orb spider (Spider:4)
  A nameless horror (Depths:3)
  A wight (D:8)
  A centaur zombie (D:9)
  37 fungi
  125 plants
  4 tentacles (Shoals:4)
  11 toadstools (Lair:1)
183 creatures vanquished.

Grand Total: 2144 creatures vanquished

Notes
Turn   | Place    | Note
-------+----------+-------------------------------------------
     0 | D:1      | Hortimo the Demigod Ice Elementalist began the quest for
                  | the Orb.
     0 | D:1      | Reached XP level 1. HP: 14/14 MP: 5/5
   446 | D:1      | Reached skill level 4 in Ice Magic
   498 | D:1      | Reached XP level 2. HP: 20/20 MP: 5/7
  1477 | D:2      | Reached XP level 3. HP: 26/26 MP: 4/8
  1484 | D:2      | Learned a level 3 spell: Frozen Ramparts
  1635 | D:2      | Noticed Terence
  1642 | D:2      | Killed Terence
  1643 | D:2      | Reached skill level 5 in Ice Magic
  2034 | D:3      | Reached XP level 4. HP: 32/33 MP: 7/9
  2115 | D:3      | Learned a level 3 spell: Ozocubu's Armour
  2996 | D:4      | Noticed Grinder
  3497 | D:4      | Noticed an ogre
  3726 | D:4      | Reached XP level 5. HP: 38/38 MP: 3/10
  3812 | D:4      | Reached skill level 6 in Ice Magic
  3960 | D:4      | Paralysed by Grinder for 5 turns
  3973 | D:4      | Paralysed by Grinder for 4 turns
  4162 | D:5      | Entered Level 5 of the Dungeon
  4217 | D:5      | Noticed a sky beast
  4230 | D:5      | Killed a sky beast
  4231 | D:5      | Reached skill level 1 in Fighting
  4419 | D:5      | Reached XP level 6. HP: 47/47 MP: 7/11
  4895 | D:5      | Reached skill level 1 in Shields
  5406 | D:5      | Noticed a wyvern
  5411 | D:5      | Killed a wyvern
  5412 | D:5      | Reached XP level 7. HP: 50/56 MP: 2/13
  5771 | D:6      | Found a staircase to the Ecumenical Temple.
  5933 | D:6      | Reached skill level 1 in Conjurations
  6258 | D:6      | Reached XP level 8. HP: 52/66 MP: 3/14
  6341 | D:6      | Learned a level 4 spell: Hailstorm
  6955 | D:6      | Noticed Eustachio
  6973 | D:6      | Killed Eustachio
  7633 | D:6      | Learned a level 2 spell: Call Imp
  8434 | D:7      | Found Sefiotifiu's Assorted Antiques.
  8479 | D:7      | Reached skill level 1 in Summonings
  9345 | D:8      | Reached XP level 9. HP: 72/72 MP: 12/18
  9496 | D:8      | Reached skill level 5 in Fighting
 10679 | D:9      | Reached skill level 1 in Short Blades
 11190 | D:9      | Noticed a two-headed ogre
 11190 | D:9      | Noticed a centaur warrior
 11203 | D:9      | Reached skill level 7 in Ice Magic
 11424 | D:9      | Noticed Grum
 11430 | D:9      | Reached skill level 1 in Evocations
 11437 | D:9      | Killed Grum
 11741 | D:9      | Killed a centaur warrior
 11742 | D:9      | Reached XP level 10. HP: 60/83 MP: 11/19
 12263 | D:10     | Entered Level 10 of the Dungeon
 12482 | D:10     | Noticed a cyclops
 12501 | D:10     | Killed a cyclops
 12698 | D:10     | Noticed a two-headed ogre
 12707 | D:10     | Killed a two-headed ogre
 12708 | D:10     | Reached skill level 5 in Staves
 12894 | D:10     | Noticed Joseph
 13027 | D:11     | Noticed a death knight
 13296 | D:11     | Noticed an elephant
 13304 | D:11     | Killed an elephant
 13308 | D:11     | Found a staircase to the Lair.
 13558 | D:11     | Noticed a purple ugly thing
 13570 | D:11     | Killed a purple ugly thing
 13635 | D:11     | Identified the +8 dagger of Qurej {vorpal, rC- Int+4
                  | Stlth+}
 13690 | D:11     | Found a staircase to the Orcish Mines.
 14037 | D:11     | Reached XP level 11. HP: 76/89 MP: 6/20
 14252 | D:11     | Reached skill level 5 in Shields
 14665 | D:10     | Killed Joseph
 14870 | Lair:1   | Entered Level 1 of the Lair of Beasts
 15069 | Lair:1   | Noticed a six-headed hydra
 15077 | Lair:1   | Killed a six-headed hydra
 15587 | Lair:1   | Identified the +1 robe "Aharet" {Fly Str+4 Int+2}
 15910 | Lair:1   | Identified the +4 war axe of Starshine {vamp, *Slow +Blink
                  | rPois SInv}
 16384 | Lair:1   | Noticed a catoblepas
 16384 | Lair:1   | Noticed a dire elephant
 16404 | Lair:1   | Found a runed translucent door.
 16763 | Lair:2   | Found a runed translucent gate.
 16763 | Lair:2   | Found a runed translucent gate.
 16763 | Lair:2   | Found a runed translucent gate.
 16820 | Lair:2   | Noticed Stajl's ghost (journeyman TrFi)
 16912 | Lair:2   | Reached skill level 10 in Shields
 17244 | Lair:2   | Found a staircase to the Shoals.
 17314 | Lair:2   | Reached XP level 12. HP: 96/96 MP: 7/21
 18035 | Lair:3   | Identified the +1 leather armour of Theory {*Corrode rElec
                  | rC++ Int+3}
 18395 | Lair:3   | Found a hole to the Spider Nest.
 18497 | Lair:3   | Noticed Snorg
 18512 | Lair:3   | Killed Snorg
 19175 | Lair:4   | Noticed a five-headed hydra
 19200 | Lair:4   | Killed a five-headed hydra
 19769 | Lair:4   | Identified the +2 robe "Gume" {rF- Str+3 Int+4}
 20832 | Lair:5   | Reached skill level 5 in Conjurations
 20970 | Lair:5   | Noticed Rupert
 21323 | Lair:6   | Entered Level 6 of the Lair of Beasts
 21676 | Lair:6   | Noticed a six-headed hydra
 22114 | Lair:6   | Noticed an eight-headed hydra
 22120 | Lair:6   | Killed an eight-headed hydra
 22339 | Lair:6   | Reached XP level 13. HP: 102/102 MP: 15/23
 22503 | Lair:6   | Reached skill level 5 in Evocations
 23570 | Lair:6   | Learned a level 3 spell: Mephitic Cloud
 23928 | Lair:5   | Found a staircase to the Slime Pits.
 24123 | Orc:1    | Entered Level 1 of the Orcish Mines
 24140 | Orc:1    | Identified a scroll of acquirement
 24140 | Orc:1    | Acquired the +0 kite shield of Jyesuf {Regen+}
 24211 | Orc:2    | Entered Level 2 of the Orcish Mines
 24353 | Orc:2    | Found a staircase to the Elven Halls.
 24523 | Orc:1    | Found a frozen archway.
 24533 | IceCv    | Entered an ice cave
 24613 | IceCv    | Found a transporter.
 24622 | IceCv    | Found a transporter.
 24645 | IceCv    | Learned a level 3 spell: Ignite Poison
 24663 | IceCv    | Got Xonos's Tome of Snow
 24977 | Orc:1    | Reached skill level 1 in Poison Magic
 25082 | Orc:1    | Reached skill level 1 in Fire Magic
 26097 | Orc:2    | Found Vuinam's Antique Weapon Boutique.
 26442 | Orc:2    | Reached skill level 5 in Spellcasting
 26733 | Orc:2    | Found Vacouff's Weapon Boutique.
 26796 | Orc:2    | Found Cyfaomiz's Book Emporium.
 26797 | Orc:2    | Paralysed by an orc sorcerer for 3 turns
 26819 | Orc:2    | Learned a level 4 spell: Sticky Flame
 26923 | Orc:2    | Found Xyinucax's Assorted Antiques.
 26928 | Orc:2    | Bought a pair of runed boots for 165 gold pieces
 27096 | Orc:2    | Bought a lightning rod (4/4) for 660 gold pieces
 27096 | Orc:2    | Bought a potion of heal wounds for 110 gold pieces
 27248 | D:7      | Bought a potion of heal wounds for 175 gold pieces
 27339 | D:12     | Noticed Urug
 27349 | D:12     | Killed Urug
 27350 | D:12     | Reached skill level 1 in Armour
 28362 | D:13     | Reached XP level 14. HP: 110/110 MP: 10/27
 28608 | D:13     | Found a gate to the Vaults.
 30725 | D:14     | Found Cheibriados's Comfort Zone.
 31228 | D:15     | Entered Level 15 of the Dungeon
 31498 | D:15     | Reached skill level 15 in Shields
 31734 | D:15     | Reached skill level 8 in Ice Magic
 32294 | D:15     | Found a staircase to the Depths.
 32589 | D:15     | Reached skill level 9 in Ice Magic
 32955 | D:15     | Reached skill level 10 in Ice Magic
 32966 | D:15     | Reached XP level 15. HP: 115/115 MP: 11/28
 33509 | Spider:1 | Entered Level 1 of the Spider Nest
 33960 | Spider:1 | Noticed Azrael
 33970 | Spider:1 | Killed Azrael
 34663 | Shoals:1 | Entered Level 1 of the Shoals
 34974 | Elf:1    | Entered Level 1 of the Elven Halls
 35137 | Elf:1    | Reached skill level 11 in Ice Magic
 35385 | Elf:1    | Found Looklomo's Antique Weapon Boutique.
 35387 | Elf:1    | Found Xogasm's Magic Scroll Shop.
 35390 | Elf:1    | Found Sironerch's Magic Scroll Boutique.
 35395 | Elf:1    | Bought a scroll of teleportation for 42 gold pieces
 35395 | Elf:1    | Bought a scroll of fear for 49 gold pieces
 35397 | Elf:1    | Bought a scroll of fear for 49 gold pieces
 35397 | Elf:1    | Bought a scroll of teleportation for 42 gold pieces
 35397 | Elf:1    | Bought a scroll of acquirement for 728 gold pieces
 35397 | Elf:1    | Bought a scroll of teleportation for 42 gold pieces
 35408 | Elf:1    | Acquired the ring of the Fool {Fly rElec rPois}
 36087 | Elf:1    | Learned a level 7 spell: Ozocubu's Refrigeration
 36493 | Elf:1    | Acquired Vehumet's Guide on Fetching Arcane Weapons
 36628 | Elf:1    | Paralysed by an air elemental for 1 turns
 36892 | Elf:1    | Reached skill level 12 in Ice Magic
 37278 | Shoals:1 | Noticed Frances
 39599 | Spider:2 | Reached skill level 10 in Staves
 39908 | Spider:3 | Reached XP level 16. HP: 115/123 MP: 22/33
 40256 | Spider:3 | Found a one-way gate to the infinite horrors of the Abyss.
 40842 | Spider:3 | Learned a level 5 spell: Freezing Cloud
 41731 | Shoals:1 | Noticed Louise
 41740 | Shoals:1 | Killed Louise
 42421 | Orc:2    | Bought a book of Stone for 504 gold pieces
 42431 | Orc:2    | Learned a level 5 spell: Bolt of Magma
 42636 | Shoals:2 | Reached skill level 1 in Earth Magic
 42855 | Shoals:2 | Noticed Nikola
 43085 | Shoals:2 | Noticed Roxanne
 43706 | Shoals:2 | Found Jaduka's Island Escapes.
 43771 | Shoals:2 | Noticed Ilsuiw
 43777 | Shoals:2 | Killed Ilsuiw
 44053 | Shoals:3 | Noticed Polyphemus
 44351 | Shoals:3 | Reached skill level 5 in Fire Magic
 44632 | Shoals:3 | Killed Polyphemus
 44894 | Shoals:3 | Identified the +3 ring mail of Taqim {+Inv rCorr Int+6
                  | Dex-4}
 45956 | Shoals:4 | Entered Level 4 of the Shoals
 46326 | Shoals:4 | Noticed Mara
 46346 | Shoals:4 | Noticed Hortimo's illusion
 46492 | Shoals:4 | Noticed Hortimo's illusion
 46583 | Shoals:4 | Reached skill level 10 in Conjurations
 47007 | Shoals:4 | Got the Compendium of Instinct
 47181 | Shoals:4 | Noticed a kraken
 47200 | Shoals:4 | Killed a kraken
 47349 | Shoals:4 | Reached XP level 17. HP: 61/129 MP: 31/34
 47832 | Shoals:4 | Got a barnacled rune of Zot
 47934 | Shoals:4 | Got the Collected Works on Dislocated Sinister Secrets
 48532 | Vaults:1 | Entered Level 1 of the Vaults
 48551 | Vaults:1 | Found a runed translucent gate.
 48551 | Vaults:1 | Found a runed translucent gate.
 48551 | Vaults:1 | Found a runed translucent gate.
 48551 | Vaults:1 | Noticed a titan
 48689 | Vaults:1 | Noticed drbonez's ghost (adept MiBe)
 49041 | Vaults:1 | Reached skill level 13 in Ice Magic
 49828 | Vaults:1 | Paralysed by a great orb of eyes for 6 turns
 50454 | Vaults:1 | Reached skill level 10 in Spellcasting
 51233 | Vaults:1 | Reached skill level 5 in Summonings
 53090 | Vaults:2 | Noticed Jory
 53157 | Vaults:2 | Killed Jory
 53494 | Vaults:2 | Noticed a lich
 53855 | Vaults:2 | Reached XP level 18. HP: 103/139 MP: 14/37
 54021 | Vaults:2 | Learned a level 6 spell: Shadow Creatures
 54051 | Vaults:2 | Found a portal to a secret trove of treasure.
 54383 | Vaults:2 | Reached skill level 5 in Dodging
 55402 | Vaults:2 | Found a staircase to the Crypt.
 55631 | Vaults:2 | Paralysed by a vampire knight for 3 turns
 58376 | Vaults:3 | Identified the +5 arbalest of Dust {elec, Fly rC- rN++
                  | SInv}
 59452 | Vaults:3 | Reached skill level 10 in Summonings
 59534 | Vaults:3 | Found Ucigas's Jewellery Shop.
 60076 | Vaults:4 | Reached skill level 1 in Translocations
 60089 | Vaults:4 | Reached XP level 19. HP: 136/149 MP: 8/40
 60212 | Vaults:4 | Learned a level 4 spell: Passage of Golubria
 60488 | Vaults:4 | Reached skill level 10 in Fighting
 61714 | Vaults:4 | Found Zucieb's General Store.
 61784 | Vaults:4 | Bought a potion of heal wounds for 85 gold pieces
 61784 | Vaults:4 | Bought a scroll of fog for 34 gold pieces
 62513 | Vaults:4 | Reached skill level 14 in Ice Magic
 63173 | Vaults:4 | Noticed Mennas
 63177 | Vaults:4 | Killed Mennas
 63448 | Vaults:3 | Bought an amulet of magic regeneration for 600 gold pieces
 63724 | Vaults:1 | Killed drbonez's ghost
 63848 | Vaults:1 | Identified the +1 cloak "Peskea" {Will+}
 63853 | Vaults:1 | Got the Tome of Earthen Beguiling
 63988 | Depths:1 | Entered Level 1 of the Depths
 63997 | Depths:1 | Reached skill level 5 in Armour
 64012 | Depths:1 | Reached XP level 20. HP: 167/167 MP: 16/41
 64152 | Depths:1 | Found a gateway to a ziggurat.
 64389 | Depths:1 | Found a gateway to Hell.
 64443 | Depths:1 | Noticed a golden dragon
 64461 | Depths:1 | Killed a golden dragon
 64584 | Depths:1 | Found the +7 great mace "Undeadhunter" {disrupt, rN+}
 65271 | Depths:1 | Identified the +5 hand axe "Eviscerator" {venom, rPois rN+}
 65315 | Depths:1 | Identified the +9 dagger "Killer Bee's Regret" {antimagic,
                  | *Rage rPois rN+ Str+2 Dex+3}
 65541 | Depths:1 | Found Vaarauck's Book Shoppe.
 65541 | Depths:1 | Found Niciby Paip's Jewellery Boutique.
 65542 | Depths:1 | Found Emmou's Book Shoppe.
 66431 | Depths:2 | You are sucked into a shaft and drop 1 floor!
 66528 | Depths:2 | Reached skill level 15 in Ice Magic
 67990 | Depths:2 | Identified the ring "Jongomat" {rC+ Str+4}
 69121 | Depths:3 | Noticed a dread lich
 69128 | Depths:3 | Killed a dread lich
 69625 | Depths:3 | Noticed a golden dragon
 69647 | Depths:3 | Killed a golden dragon
 69722 | Depths:3 | Found a one-way gate leading to the halls of Pandemonium.
 69751 | Depths:3 | Reached skill level 10 in Armour
 69751 | Depths:3 | Reached XP level 21. HP: 174/174 MP: 5/43
 69922 | Depths:3 | Identified the +6 plate armour of Indecent Exposure {rPois
                  | rN+ rCorr Str+2}
 69968 | Depths:3 | Identified the +1 leather armour "Jaduun" {Regen+}
 69969 | Depths:3 | Identified the +1 helmet of Ashenzari's Delight {Int+4}
 70516 | Depths:4 | Noticed a golden dragon
 70533 | Depths:4 | Killed a golden dragon
 70545 | Depths:4 | Noticed a juggernaut
 70558 | Depths:4 | Killed a juggernaut
 70597 | Depths:4 | Noticed a caustic shrike
 70603 | Depths:4 | Killed a caustic shrike
 71862 | Depths:5 | Entered Level 5 of the Depths
 71976 | Depths:5 | Found Laufun's Self-Improvement Boutique.
 72844 | Depths:5 | Noticed a caustic shrike
 72845 | Depths:5 | Noticed a caustic shrike
 72845 | Depths:5 | Noticed a caustic shrike
 72854 | Depths:5 | Killed a caustic shrike
 72861 | Depths:5 | Killed a caustic shrike
 72862 | Depths:5 | Reached skill level 16 in Ice Magic
 72866 | Depths:5 | Killed a caustic shrike
 73656 | Depths:5 | Found a gate to the Realm of Zot.
 74601 | Spider:4 | Entered Level 4 of the Spider Nest
 74940 | Spider:4 | Reached skill level 17 in Ice Magic
 76048 | Spider:4 | Reached XP level 22. HP: 102/181 MP: 0/44
 76141 | Spider:4 | Got a gossamer rune of Zot
 76320 | Lair:5   | Killed Rupert
 76341 | Slime:1  | Entered Level 1 of the Pits of Slime
 76624 | Slime:1  | Reached skill level 18 in Ice Magic
 77969 | Slime:4  | Noticed Dissolution
 77984 | Slime:5  | Entered Level 5 of the Pits of Slime
 78233 | Slime:5  | Reached skill level 19 in Ice Magic
 78607 | Slime:5  | Gained mutation: Armour fits poorly on your strangely
                  | shaped body. [a shining eye]
 78608 | Slime:5  | Gained mutation: You are frail. (-10% HP) [a shining eye]
 78747 | Slime:5  | Found the +8 arc blade {discharge, rElec}
 78843 | Slime:5  | Noticed the Royal Jelly
 78849 | Slime:5  | Killed the Royal Jelly
 78873 | Slime:5  | Identified the ring of the Thistle {rElec rN++ Dex+6}
 78927 | Slime:5  | Identified the ring "Eloddepa" {rCorr Dex+6}
 78954 | Slime:5  | Identified the +9 great mace "Grim" {freeze, rElec rC+
                  | Will+}
 78973 | Slime:5  | Identified the +1 dire flail of Huixt {venom, rC+}
 78975 | Slime:5  | Got a slimy rune of Zot
 79003 | Slime:5  | Identified the +5 glaive of Conformity {vorpal, Int+7}
 79504 | Vaults:5 | Entered Level 5 of the Vaults
 79507 | Vaults:5 | Reached skill level 20 in Ice Magic
 79982 | Vaults:5 | Found Biavoxap's Distillery.
 80202 | Vaults:5 | Reached XP level 23. HP: 142/169 MP: 42/46
 80264 | Vaults:5 | Bought a potion of heal wounds for 70 gold pieces
 80264 | Vaults:5 | Bought a potion of magic for 112 gold pieces
 80391 | Vaults:5 | Reached skill level 21 in Ice Magic
 80596 | Vaults:5 | Found Ollile's Magic Scroll Shoppe.
 80596 | Vaults:5 | Found Ifemoyli's Distillery.
 80601 | Vaults:5 | Bought a scroll of blinking for 157 gold pieces
 80611 | Vaults:5 | Bought 2 potions of haste for 320 gold pieces
 80767 | Vaults:5 | Noticed an ancient lich
 80787 | Vaults:5 | Killed an ancient lich
 80901 | Vaults:5 | Bought a scroll of teleportation for 63 gold pieces
 80993 | Vaults:5 | Found Tycip's Magic Scroll Boutique.
 81161 | Vaults:5 | Noticed a dread lich
 81177 | Vaults:5 | Killed a dread lich
 81620 | Vaults:5 | Identified the +2 chain mail of Mumblety Peg {rF+++ rC+
                  | Str+5 Int-4 SInv}
 81956 | Vaults:5 | Found Ilyi's Antique Armour Boutique.
 81957 | Vaults:5 | Found Dont's General Store.
 81960 | Vaults:5 | Found Qoil's General Store.
 81963 | Vaults:5 | Bought a scroll of acquirement for 832 gold pieces
 81967 | Vaults:5 | Acquired 875 gold pieces
 81972 | Vaults:5 | Bought 3 scrolls of fear for 168 gold pieces
 81972 | Vaults:5 | Bought a scroll of fog for 32 gold pieces
 81976 | Vaults:5 | Bought a pair of translucent gloves for 209 gold pieces
 81976 | Vaults:5 | Identified the -1 pair of gloves "Nush" {Str+4} (You bought
                  | it in a shop on level 5 of the Vaults)
 81976 | Vaults:5 | Bought a pair of shimmering boots for 209 gold pieces
 81976 | Vaults:5 | Identified the +0 pair of boots of the Archfiend {rCorr}
                  | (You bought it in a shop on level 5 of the Vaults)
 81976 | Vaults:5 | Bought a glowing kite shield for 165 gold pieces
 81976 | Vaults:5 | Found Awogijec's Distillery.
 81980 | Vaults:5 | Bought a scroll of acquirement for 832 gold pieces
 81984 | Vaults:5 | Acquired 1389 gold pieces
 81993 | Vaults:5 | Bought a potion of brilliance for 68 gold pieces
 81993 | Vaults:5 | Bought a potion of curing for 51 gold pieces
 81993 | Vaults:5 | Bought a potion of curing for 51 gold pieces
 82242 | Vaults:5 | Got a silver rune of Zot
 82339 | Vaults:5 | Found Jiomenat's Armour Shoppe.
 83019 | Zot:1    | Entered Level 1 of the Realm of Zot
 83168 | Depths:1 | Bought a book of Ice for 920 gold pieces
 83178 | Depths:1 | Learned a level 9 spell: Polar Vortex
 83206 | Depths:1 | Bought the ring "Owocysac" {Wiz rN+ Will+ Int+3 Dex+3} for
                  | 1128 gold pieces
 83834 | Vaults:2 | You paid a toll of a +5 demon blade to enter a treasure
                  | trove
 83835 | Trove    | Entered a treasure trove
 83851 | Trove    | Identified the amulet of Ujes {Faith rC+ Str+3}
 83880 | Trove    | Identified the +11 double sword "Grim Tooth" {protect,
                  | Will+ Str+4 Dex-5 SInv}
 85291 | Zot:1    | Noticed an orb of fire
 86700 | Zot:2    | Noticed an orb of fire
 86700 | Zot:2    | Gained mutation: Your body sometimes deteriorates upon
                  | taking damage. [an orb of fire]
 87031 | Zot:3    | Noticed an orb of fire
 87526 | Zot:3    | Gained mutation: You occasionally shout uncontrollably at
                  | your foes. [an orb of fire]
 87527 | Zot:3    | Gained mutation: You sometimes lose the ability to read
                  | scrolls when taking damage. [an orb of fire]
 87531 | Zot:3    | Noticed a Killer Klown
 87539 | Zot:3    | Killed an orb of fire
 87540 | Zot:3    | Reached skill level 5 in Translocations
 87566 | Zot:3    | Killed a Killer Klown
 87567 | Zot:3    | Reached XP level 24. HP: 88/175 MP: 2/46
 87931 | Zot:2    | Killed an orb of fire
 88365 | Vaults:5 | Bought a potion of mutation for 112 gold pieces
 88365 | Vaults:5 | Lost mutation: You sometimes lose the ability to read
                  | scrolls when taking damage. [potion of mutation]
 88365 | Vaults:5 | Lost mutation: You occasionally shout uncontrollably at
                  | your foes. [potion of mutation]
 88365 | Vaults:5 | Gained mutation: You are occasionally teleported next to
                  | monsters. [potion of mutation]
 88365 | Vaults:5 | Gained mutation: You have supernaturally acute eyesight.
                  | (SInv) [potion of mutation]
 89120 | Zot:5    | Entered Level 5 of the Realm of Zot
 90444 | Zot:5    | Noticed a dread lich
 90481 | Zot:5    | Killed a dread lich
 90865 | Zot:5    | Noticed an ancient lich
 90950 | Zot:5    | Killed an ancient lich
 90966 | Zot:5    | Noticed an orb of fire
 90966 | Zot:5    | Noticed an orb of fire
 90966 | Zot:5    | Noticed a Killer Klown
 90966 | Zot:5    | Noticed an orb of fire
 90970 | Zot:5    | Gained mutation: Your spells are a little easier to cast,
                  | but a little less powerful. [an orb of fire]
 91121 | Zot:5    | Killed an orb of fire
 91163 | Zot:5    | Noticed an orb of fire
 91164 | Zot:5    | Gained mutation: You tend to lose your temper in combat.
                  | [an orb of fire]
 91276 | Zot:5    | Gained mutation: You often lose your temper in combat. [an
                  | orb of fire]
 91288 | Zot:5    | Killed an orb of fire
 91289 | Zot:5    | Reached skill level 15 in Armour
 91621 | Zot:5    | Noticed a Killer Klown
 91640 | Zot:5    | Killed a Killer Klown
 91699 | Zot:5    | Noticed an ancient lich
 91712 | Zot:5    | Noticed a Killer Klown
 91714 | Zot:5    | Noticed a Killer Klown
 91715 | Zot:5    | Got the Orb of Zot
 91715 | Zot:5    | HP: 8/180 [Orb Guardian (26)]
 91718 | Zot:5    | Noticed an orb of fire
 91719 | Zot:5    | Demolished by an Orb Guardian

Illustrated notes

Levels and vault maps discovered:
D:1:      dpeg_arrival_pits, layout_basic
D:2:      layout_rooms, minmay_tromino_v4_b, uniq_terence
D:3:      layout_basic, small_statue_intersection
D:4:      layout_loops_ring, minmay_rat_hole, uniq_grinder
D:5:      layout_basic, chequers_temple_overflow_minitemple
D:6:      layout_cave_pools, nicolae_gozag_cash_rules_everything_around_me,
          minmay_temple_entry_mist, kennysheep_generic_room_7, uniq_eustachio
D:7:      layout_cave_pools, ashenzari_conservatory_becter,
          amcnicky_altar_gilded, serial_shops, shop, chequers_arboretum
D:8:      layout_basic
D:9:      layout_cave_pools, zin_treasury, minmay_chambers_of_fives, uniq_grum
D:10:     layout_gridville, uniq_joseph
D:11:     lemuel_ogre_cave, layout_loops_ring, david_lair_generic
D:12:     layout_irregular_city, st_stairs_1, uniq_urug
D:13:     layout_stronghold, grunt_vaults_entry_tiered
D:14:     layout_rooms, serial_corexii_hall, chequers_hall_statues_wall_a,
          corexii_hall_statues_l, corexii_hall_statues_l, minmay_shop_chei,
          bloody_trog
D:15:     hangedman_depths_entry_civil_slaughter, layout_stronghold,
          roderic_batcave
Lair:1:   gammafunk_lair_enchanted_lake, layout_concentric_octagons, basic_altar
Lair:2:   layout_cellular_growth, elwin_shoals_entry_rooms, gammafunk_ghost_icy
Lair:3:   layout_loops_ring, dummy_spider_entry, uniq_snorg
Lair:4:   layout_regular_city, minmay_lair_oklob_chamber
Lair:5:   layout_concentric_octagons, dpeg_slime_entry_enclosed_altar,
          chequers_serial_rivers_micro_d, grunt_megastairs_4, lemuel_fruit_tree,
          uniq_rupert
Lair:6:   grunt_lair_end_beastmaster, layout_regular_city, minmay_hedge_maze,
          st_stairs_13
Shoals:1: layout_shoals, uniq_frances, uniq_louise
Shoals:2: layout_shoals, nicolae_island_escapes, uniq_nikola, uniq_roxanne,
          uniq_ilsuiw
Shoals:3: layout_shoals, lemuel_altar_in_water,
          nicolae_shoals_arrival_archipelago, uniq_polyphemus
Shoals:4: shoals_end_grunt_ice, layout_shoals, shoal_ilsuiw, uniq_mara
Spider:1: layout_spider_delve, nicolae_spider_bug_shape, uniq_azrael
Spider:2: layout_spider_delve, nicolae_spider_spiderdrome
Spider:3: layout_spider_delve, amcnicky_altar_lugonu_corruption
Spider:4: spider_rune_water
Slime:1:  layout_caves, basic_altar
Slime:2:  layout_caves
Slime:3:  layout_caves
Slime:4:  layout_caves, uniq_dissolution
Slime:5
Orc:1:    layout_caves, portal_ice_cave_entry_pillars_2, basic_altar,
          nicolae_volcano_entry_lava_flow
Orc:2:    st_orc_elflike, layout_caves, okawaru_metal_pillars_3
Elf:1:    eino_elf_arrival_sip, layout_geoelf_grid, hangedman_elf_represent,
          minmay_shop_star
Elf:2:    nicolae_elf_blades_crystal_corner, layout_geoelf_octagon,
          serial_shops, nicolae_diamond_shop, evilmike_spriggan_trog_shrine
Vaults:1: gammafunk_vaults_ghost_fury_of_okawaru, ontoclasm_vaults_hangar,
          v_misc_24, v_misc_26, hangedman_vaults_stretched_pinwheel,
          dpeg_vaults_waves, nicolae_vaults_border_crossing,
          ontoclasm_vaults_idyll, v_misc_17, grunt_vaults_hallway_short,
          vaults_dpeg_hooks, nicolae_vaults_rhombus_5, v_pattern_5,
          layout_vaults_omnigrid
Vaults:2: nicolae_vaults_halls_meeting, grunt_vaults_bifocal,
          minmay_crypt_entry_simple_corners, hangedman_vaults_trim,
          nicolae_vaults_network_quinsquares
          [nicolae_vaults_network_quincunx_subvault,
          nicolae_vaults_network_quincunx_subvault,
          nicolae_vaults_network_quincunx_subvault,
          nicolae_vaults_network_quincunx_subvault],
          nicolae_vaults_stairing_the_circle,
          nicolae_vaults_windows_and_doors_thing, vaults_room_door_hall,
          grunt_vaults_diagonal, ontoclasm_vaults_hangar,
          ontoclasm_vaults_ring_small, v_misc_8, layout_vaults_big_cross,
          nicolae_trove_entry_isolated, uniq_jory
Vaults:3: v_rooms_2, v_misc_23, v_misc_28, v_misc_1, ontoclasm_vaults_spin,
          nicolae_vaults_yaktaur_gun_rack, vaults_room_pools,
          grunt_vaults_hallway_short, ontoclasm_vaults_claustrophobia,
          ontoclasm_vaults_decontamination, nicolae_vaults_shelves_hall,
          vaults_room_pools, v_misc_1, vaults_dpeg_encased_lava,
          vaults_dpeg_ring, nicolae_vaults_specimen_jars,
          layout_vaults_big_room, serial_shops, nicolae_shop_stone
Vaults:4: nicolae_vaults_network_quincunx
          [nicolae_vaults_network_quincunx_subvault,
          nicolae_vaults_network_quincunx_subvault,
          nicolae_vaults_network_quincunx_subvault,
          nicolae_vaults_network_quincunx_subvault,
          nicolae_vaults_network_quincunx_subvault], v_misc_18,
          vaults_dpeg_doors, hangedman_vaults_unwind, hangedman_vaults_hat,
          v_misc_9, vaults_standard_mumra_x, st_lines, vaults_room_pool,
          serial_ice_b, layout_vaults_maze_bifur, serial_shops, shop,
          uniq_mennas
Vaults:5: serial_shops
Depths:1: layout_cave_pools, enter_ziggurat_c, kennysheep_another_room,
          hell_entry, minmay_multi_spiral, minmay_shop_grove,
          serial_bayou_shore_a
Depths:2: kennysheep_large_spiral, layout_cave_pools, bh_walls_and_bars,
          hellmouth_1, grunt_dithmenos_smoke_and_mirrors
Depths:3: minmay_broken_ring, layout_cave_pools, pan_entry,
          nicolae_ru_sacrificial_ziggurat, abyss_entry_flame_altar,
          pf_coc_iceberg, hex_tiny, hangedman_decor_opposing,
          hangedman_decor_slide_cut, st_stairs_8, infiniplex_staircase_zigzag_5
Depths:4: minmay_the_grid_octo_2x2 [minmay_the_grid_octo_77,
          minmay_the_grid_octo_empty, minmay_the_grid_octo_empty,
          minmay_the_grid_octo_prize_star], layout_cave_pools,
          minmay_misc_feat_chi, grunt_hell_horde, hangedman_abyss_entry_splay,
          rand_demon_pan_entry_4, hangedman_decor_push
Depths:5: grunt_bruiser_brothers, layout_cave_shapes, serial_co_window_serial,
          co_window_paths_a, co_window_corner_a, co_window_of_opportunity_a,
          co_window_paths_b, co_window_of_opportunity_a, co_window_broadway_b,
          co_window_corner_b, co_window_corner_b, co_window_of_opportunity_c,
          co_window_broadway_a, glass_columns_a, glass_columns_a, hell_entry,
          nicolae_lava_and_water, nicolae_shop_self_help
Zot:1:    layout_cathedral_of_symmetry, basic_altar,
          hangedman_zot_decor_scrapings, st_stairs_3
Zot:2:    layout_misc_corridors
Zot:3:    layout_misc_corridors
Zot:4:    layout_gridlike, skrybe_zot_glass_3, lemuel_elevator,
          grunt_megastairs_1
Zot:5:    layout_gridlike, st_stairs_4, grunt_ministairs_5

Skill      XL: |  1  2  3  4  5  6  7  8  9 10 11 12 13 14 15 16 17 18 19 20 21 22 23 24 |
---------------+-------------------------------------------------------------------------+-----
Ice Magic      | 4 5 6 7 10 12 13 14 15 17 20 21 | 21.8
Spellcasting   | 2 4 6 8 10 11 12 13 | 13.0
Fighting       | 1 2 3 4 6 7 8 11 12 13 | 13.6
Dodging        | 2 3 4 8 9 |  9.1
Shields        | 3 4 10 13 15 | 15.0
Conjurations   | 3 4 5 7 8 10 | 10.2
Summonings     | 2 8 10 13 | 13.3
Short Blades   | 3 |  3.2
Stealth        | 3 |  3.8
Evocations     | 2 3 4 6 7 9 |  9.0
Staves         | 7 8 9 10 11 12 | 12.0
Poison Magic   | 2 |  2.0
Fire Magic     | 2 5 |  5.0
Armour         | 4 5 10 12 13 15 | 15.4
Earth Magic    | 3 |  3.0
Translocations | 1 3 4 5 6 |  6.0
Long Blades    | |  0.2
Axes           | |  0.1

Action                   |  1- 3 |  4- 6 |  7- 9 | 10-12 | 13-15 | 16-18 | 19-21 | 22-24 || total
-------------------------+-------+-------+-------+-------+-------+-------+-------+-------++-------
Melee: Unarmed           |     2 |       |       |       |       |       |       |       ||     2
       Short sword       |    18 |    18 |       |       |       |       |       |       ||    36
       Dagger            |       |    34 |    80 |   182 |    55 |       |       |       ||   351
       Rapier            |       |       |   177 |    98 |       |       |       |       ||   275
       Staff             |       |       |       |    32 |   797 |   702 |   651 |   390 ||  2572
Throw: Stone             |       |     3 |    13 |       |       |       |       |       ||    16
       Dart              |       |       |    10 |       |       |       |       |       ||    10
       Boomerang         |       |       |     1 |    19 |     2 |       |       |       ||    22
 Cast: Freeze            |    55 |    32 |    31 |   105 |    77 |       |       |       ||   300
       Frozen Ramparts   |     1 |    20 |    47 |    88 |   144 |    18 |     1 |       ||   319
       Ozocubu's Armour  |       |    14 |    46 |    71 |   129 |   122 |    81 |    55 ||   518
       Call Imp          |       |       |    24 |    17 |     7 |       |       |       ||    48
       Hailstorm         |       |       |    16 |    35 |   131 |    33 |     1 |     2 ||   218
       Mephitic Cloud    |       |       |       |       |    14 |       |       |       ||    14
       Ignite Poison     |       |       |       |       |     6 |       |       |       ||     6
       Sticky Flame      |       |       |       |       |    79 |    70 |     1 |       ||   150
       Ozocubu's Refrige |       |       |       |       |     1 |    30 |   334 |   282 ||   647
       Freezing Cloud    |       |       |       |       |       |   271 |    58 |    32 ||   361
       Bolt of Magma     |       |       |       |       |       |    70 |    94 |   104 ||   268
       Shadow Creatures  |       |       |       |       |       |    20 |    86 |   150 ||   256
Evoke: Wand              |       |       |       |    10 |    47 |    31 |    14 |    20 ||   122
       Tin of tremorston |       |       |       |       |     2 |       |       |       ||     2
       Condenser vane    |       |       |       |       |     2 |     2 |       |       ||     4
       Lightning rod     |       |       |       |       |    13 |     5 |     2 |     1 ||    21
       Phial of floods   |       |       |       |       |     2 |     2 |       |     1 ||     5
       Phantom mirror    |       |       |       |       |       |     3 |       |     1 ||     4
  Use: Scroll            |       |     3 |     4 |    10 |    22 |    15 |     7 |    26 ||    87
       Potion            |       |       |     2 |       |     7 |    15 |     4 |    16 ||    44
 Stab: Sleeping          |     2 |     5 |     1 |       |     3 |     1 |     1 |       ||    13
       Petrified         |       |       |       |       |     5 |       |       |       ||     5
       Confused          |       |       |       |       |     6 |       |     1 |       ||     7
       Distracted        |       |       |       |       |     1 |       |     6 |     7 ||    14
       Paralysed         |       |       |       |       |       |    12 |     4 |       ||    16
Armor: Robe              |    15 |    25 |    28 |     3 |    22 |   137 |    74 |       ||   304
       Leather armour    |       |       |    86 |    53 |       |       |       |       ||   139
       Troll leather arm |       |       |       |    70 |    49 |       |       |       ||   119
       Acid dragon scale |       |       |       |     3 |   402 |   149 |   240 |   144 ||   938
       Chain mail        |       |       |       |       |       |       |       |    56 ||    56
Dodge: Dodged            |    30 |    44 |   203 |   227 |   493 |   373 |   339 |   211 ||  1920
Block: Buckler           |       |     1 |    77 |    45 |       |       |       |       ||   123
       Kite shield       |       |       |       |    96 |   658 |   456 |   358 |   249 ||  1817
       Reflection        |       |       |       |       |       |       |       |     3 ||     3
